 Dungeon Crawl Stone Soup version 0.30.1-4-g462c640d31 (webtiles) character file.

Game seed: 197141590202510488

239 FishyPogo the Chiller (level 5, -9/42 HPs)
             Began as a Draconian Ice Elementalist on Aug 19, 2023.
             Was a Believer of Vehumet.
             Mangled by an ogre
             ... wielding a +0 giant club
              (33 damage)
             ... on level 5 of the Dungeon.
             The game lasted 00:11:44 (3407 turns).

FishyPogo the Chiller (Draconian Ice Elementalist)  Turns: 3407, Time: 00:11:44

Health: -9/42      AC:  5    Str:  5    XL:     5   Next: 79%
Magic:  1/8        EV: 12    Int: 24    God:    Vehumet [**....]
Gold:   111        SH:  0    Dex: 14    Spells: 4/9 levels left

rFire   + . .        w - staff of fire "Saeg" {rPois rF+ rC+ Str-5 Dex+3}
rCold   + . .        (no shield)
rNeg    . . .        (body armour unavailable)
rPois   +            (helmet restricted)
rElec   .            (no cloak)
rCorr   .            (no gloves)
SInv    .            (no boots)
Will    .....        h - amulet of regeneration
Stlth   ++           q - +6 ring of intelligence
HPRegen 1.07/turn    (no ring)
MPRegen 0.11/turn

%: no passive effects
@: freezing walls
A: AC +5, unfitting armour, cold-blooded
a: Renounce Religion


You were on level 5 of the Dungeon.
You worshipped Vehumet.
Vehumet was pleased with you.
You visited 1 branch of the dungeon, and saw 5 of its levels.

You collected 111 gold pieces.

Inventory:

Hand Weapons
 x - a +3 dagger
Missiles
 e - 39 stones
 l - 6 atropa-tipped darts
 y - 2 poisoned darts
 C - 6 javelins
Magical Staves
 w - the staff of fire "Saeg" (weapon) {rPois rF+ rC+ Str-5 Dex+3}
   (You found it on level 3 of the Dungeon)

   [staff of fire]

   Base accuracy: +5 Base damage: 5 Base attack delay: 1.2 This weapon's minimum
   attack delay (0.6) is reached at skill level 12.
   Str:       It affects your strength (-5).
   Dex:       It affects your dexterity (+3).
   rF:        It protects you from fire.
   rC:        It protects you from cold.
   rPois:     It protects you from poison.
   It falls into the 'Staves' category.
   It is a one-handed weapon.
Jewellery
 h - an amulet of regeneration (around neck)
 q - a +6 ring of intelligence (left hand)
Wands
 m - a wand of polymorph (2)
Scrolls
 b - 2 scrolls of amnesia {unknown}
 d - 3 scrolls of identify {unknown}
 f - 2 scrolls of immolation {unknown}
 g - a scroll of fog {unknown}
 i - a scroll of enchant armour {unknown}
 k - a scroll of blinking {unknown}
 r - 2 scrolls of teleportation {unknown}
 v - 2 scrolls of magic mapping {unknown}
 B - 2 scrolls of noise {unknown}
Potions
 a - a potion of magic
 c - 3 potions of degeneration {unknown}
 j - 3 potions of lignification {unknown}
 n - a potion of heal wounds {unknown}
 o - a potion of invisibility {unknown}
 p - a potion of attraction {unknown}
 s - a potion of curing {unknown}
 t - a potion of cancellation {unknown}
 u - a potion of mutation {unknown}
 z - a potion of ambrosia {unknown}
 A - a potion of haste {unknown}


   Skills:
 + Level 2.5 Fighting
 + Level 0.9 Staves
 + Level 2.6 Dodging
 - Level 2.0 Stealth
 + Level 2.5 Spellcasting
 + Level 1.3 Conjurations
 + Level 0.8 Fire Magic
 * Level 5.2 Ice Magic


You had 4 spell levels left.
You knew the following spells:

 Your Spells              Type           Power      Damage    Failure   Level
a - Freeze                Ice            100%       1d10      1%          1
b - Foxfire               Conj/Fire      48%        2x1d6     8%          1
c - Frozen Ramparts       Ice            56%        1d9       4%          3

Your spell library contained the following spells:

 Spells                   Type           Power      Damage    Failure   Level
 Kiss of Death            Conj/Necr      24%        2d7       9%          1
 Ozocubu's Armour         Ice            28%        N/A       4%          3
 Summon Ice Beast         Ice/Summ       15%        N/A       36%         4


Dungeon Overview and Level Annotations

Branches:
Dungeon (5/15)
 Temple: D:4-7

Altars:
Fedhas
Vehumet


Innate Abilities, Weirdness & Mutations

Your plain brown scales are hard. (AC +5)
You cannot fit into any form of body armour.
You are cold-blooded and may be slowed by cold attacks.


Message History

B - 2 scrolls labelled ELILAZIGIV (gained 1)
Found a cyan potion.
e - 39 stones (gained 5)
An ogre comes into view. It is wielding a +0 giant club.
Found a ring mail.
Casting: Foxfire (safe; 8% risk of failure)
Confirm with . or Enter, or press ? or * to list all spells.
You can't see any susceptible monsters within range! (Use Z to cast anyway.)
Casting: Foxfire (safe; 8% risk of failure)
Confirm with . or Enter, or press ? or * to list all spells.
Casting: Frozen Ramparts (dangerous; 4% risk of failure)
Press: ? - help, Dir - look around, f - activate The walls around you are covered in ice.
Casting: Frozen Ramparts (dangerous; 4% risk of failure)
Confirm with . or Enter, or press ? or * to list all spells.
You feel a surge of power!
You conjure some foxfire!
Casting: Foxfire (safe; 8% risk of failure)
Confirm with . or Enter, or press ? or * to list all spells.
You don't have enough magic to cast this spell.
Your foxfire dissipates!
Casting: Foxfire (safe; 8% risk of failure)
Confirm with . or Enter, or press ? or * to list all spells.
You don't have enough magic to cast this spell.
You barely miss the ogre.
The wall freezes the ogre!
The ogre closely misses you.
You hit the ogre but do no damage.
Your tail-slap misses the ogre.
The ogre is moderately wounded.
The wall freezes the ogre.
The ogre hits you with a +0 giant club!!
Ouch! That really hurt!
You are too injured to fight recklessly!
You are too injured to fight recklessly!
You hit the ogre.
The ogre is moderately wounded.
You hit the ogre but do no damage.
The ogre is moderately wounded.
The wall freezes the ogre.
The ogre hits you with a +0 giant club!!
Ouch! That really hurt!
You die...

##...##.## #...###.
#..#.<.... #.....#..
#....##.## .....!...
......#.###.# ...#....#
#.###?#<..#.#
........###.# #.###.#.#
#.....#..##.###.###.#.#
##...###O..........#..#
#.....#@........###.###
...##...#.####..###.####
..##....§..##..........
...........##..###.####
#...#.........†.....#
[#.##.#.....##.######
... #.#.....##<# .#
#.###.####.# .. #.# #.#


You could see an ogre.

Vanquished Creatures
  A howler monkey (D:5)
  A jelly (D:5)
  Jessica (D:3)
  A sleepcap (D:5)
  Robin (D:3)
  A gnoll (D:1)
  2 adders
  2 worms
  3 dart slugs
  6 orcs (D:4)
  2 bats (D:1)
  5 endoplasms
  2 giant cockroaches
  13 goblins
  4 hobgoblins
  3 quokkas
  5 ball pythons
  2 frilled lizards
  6 kobolds
  3 rats
64 creatures vanquished.

Vanquished Creatures (others)
  112 foxfires
112 creatures vanquished.

Grand Total: 176 creatures vanquished

Notes
Turn   | Place    | Note
-------+----------+-------------------------------------------
     0 | D:1      | FishyPogo the Draconian Ice Elementalist began the quest
                  | for the Orb.
     0 | D:1      | Reached XP level 1. HP: 14/14 MP: 3/3
   118 | D:1      | Found a faded altar of an unknown god.
   129 | D:1      | Prayed at the altar of an unknown god.
   129 | D:1      | Became a worshipper of Vehumet
   129 | D:1      | Reached * piety under Vehumet
   129 | D:1      | Offered knowledge of Foxfire by Vehumet.
   132 | D:1      | Learned a level 1 spell: Foxfire
   196 | D:1      | Reached XP level 2. HP: 11/22 MP: 0/5
   270 | D:1      | Reached skill level 1 in Fighting
   806 | D:2      | Reached XP level 3. HP: 28/28 MP: 1/6
   810 | D:2      | Learned a level 3 spell: Frozen Ramparts
  1654 | D:3      | Noticed Robin
  1671 | D:3      | Killed Robin
  1672 | D:3      | Reached XP level 4. HP: 35/36 MP: 0/7
  1685 | D:3      | Reached ** piety under Vehumet
  1685 | D:3      | Offered knowledge of Kiss of Death by Vehumet.
  1831 | D:3      | Noticed Jessica
  1841 | D:3      | Killed Jessica
  1890 | D:3      | Identified the staff of fire "Saeg" {rPois rF+ rC+ Str-5
                  | Dex+3}
  2415 | D:4      | Reached skill level 1 in Conjurations
  2419 | D:4      | Reached skill level 5 in Ice Magic
  2501 | D:4      | Found a blossoming altar of Fedhas.
  3352 | D:5      | Entered Level 5 of the Dungeon
  3374 | D:5      | Reached XP level 5. HP: 41/41 MP: 5/8
  3398 | D:5      | Noticed an ogre
  3407 | D:5      | Mangled by an ogre

Illustrated notes

Levels and vault maps discovered:
D:1:      onia_arrival_mini_spirals, layout_basic,
          hellmonk_ecumenical_altar_zigzags, hangedman_decor_clover_reticule,
          corexii_hall_statues_s
D:2:      layout_loops_cross
D:3:      layout_loops_ring, uniq_jessica, uniq_robin
D:4:      layout_layer_cave, mainiacjoe_overflow_surrounded_room
D:5:      layout_loops_ring, corner_web_ring, minmay_strange_pillars,
          dk_noncrumbling_4, nicolae_shop_overcharged_wands, uniq_blork_the_orc

Skill      XL: |  1  2  3  4 |
---------------+-------------+-----
Dodging        | 2 |  2.6
Stealth        | 2 |  2.0
Fighting       | 1 2 |  2.5
Conjurations   | 1 |  1.3
Ice Magic      | 5 |  5.2
Staves         | |  0.9
Spellcasting   | |  2.5
Fire Magic     | |  0.8

Action                     |  1- 3 |  4- 6 || total
---------------------------+-------+-------++-------
  Melee: Unarmed           |    46 |     7 ||    53
         Tailslap          |     4 |     5 ||     9
         Punch             |     2 |       ||     2
         Staff             |       |    15 ||    15
   Cast: Freeze            |    13 |     8 ||    21
         Foxfire           |    33 |    33 ||    66
         Frozen Ramparts   |     2 |     2 ||     4
   Stab: Sleeping          |     1 |       ||     1
 Armour: Skin              |    11 |     4 ||    15
  Dodge: Dodged            |    25 |    14 ||    39
